 Seeded DCSS version 0.26.1-11-gd32895ea62 (webtiles) character file.

Game seed: 17802738566309663292 (custom seed)

50922 Zeld the Earth Mage (level 14, -14/88 HPs)
             Began as a Gargoyle Earth Elementalist on June 11, 2021.
             Was an Elder of Sif Muna.
             Killed from afar by a frost giant (28 damage)
             ... with a bolt of cold
             ... on level 15 of the Dungeon.
             The game lasted 00:54:43 (43377 turns).

Zeld the Earth Mage (Gargoyle Earth Elementalist)  Turns: 43377, Time: 00:54:44

Health: -14/88     AC: 25    Str: 13    XL:     14   Next: 57%
Magic:  7/30       EV: 15    Int: 20    God:    Sif Muna [****..]
Gold:   790        SH: 11    Dex: 10    Spells: 16/37 levels left

rFire    . . .     SeeInvis .   (no weapon)
rCold    . . .     Faith    .   E - +2 buckler {AC+3}
rNeg     + . .     Spirit   .   c - +0 robe
rPois    ∞         Reflect  +   D - +0 helmet
rElec    +         Harm     .   y - +2 cloak
rCorr    .         Rampage  .   F - +2 pair of gloves
Will     +....                  b - +2 pair of boots
Stlth    +++.......             h - amulet of reflection
HPRegen  0.24/turn              (no ring)
MPRegen  0.22/turn              (no ring)

@: about to teleport
A: big wings, negative energy resistance 1, electricity resistance, unbreathing,
petrification resistance, miasma immunity, AC +10
a: Fly, Renounce Religion, Channel Magic, Forget Spell, Divine Exegesis


You were on level 15 of the Dungeon.
You worshipped Sif Muna.
Sif Muna was greatly pleased with you.
You visited 2 branches of the dungeon, and saw 16 of its levels.
You also visited: Bailey.

You collected 1470 gold pieces.
You spent 680 gold pieces at shops.

Inventory:

Missiles
 t - 341 stones (quivered)
Armour
 b - a +2 pair of boots (worn)
 c - a +0 robe (worn)
 y - a +2 cloak (worn)
 D - a +0 helmet (worn)
 E - a +2 buckler of protection (worn)
 F - a +2 pair of gloves (worn)
Jewellery
 h - an amulet of reflection (around neck)
Wands
 i - a wand of paralysis (20)
 k - a wand of enslavement (14)
 v - a wand of polymorph (20)
 w - a wand of flame (29)
 z - a wand of digging (3)
 G - a wand of acid (5)
 I - a wand of iceblast (6)
Scrolls
 a - 2 scrolls of brand weapon
 e - 11 scrolls of remove curse
 f - a scroll of blinking
 j - 7 scrolls of enchant weapon
 l - 2 scrolls of fear
 p - 6 scrolls of teleportation
 x - a scroll of magic mapping
 B - 6 scrolls of identify
 C - a scroll of holy word
Potions
 d - 2 potions of haste
 g - 2 potions of resistance
 m - 4 potions of might
 n - 3 potions of berserk rage
 o - 7 potions of curing
 r - 3 potions of heal wounds
 s - 2 potions of cancellation
 u - 3 potions of brilliance
 A - a potion of ambrosia
Miscellaneous
 q - a phantom mirror
 H - a box of beasts (inert)


   Skills:
 + Level 10.3 Fighting
 + Level 8.1 Dodging
 - Level 5.0 Stealth
 - Level 4.0 Shields
 * Level 12.1 Spellcasting
 - Level 10.0 Conjurations
 - Level 1.0 Transmutations
 * Level 15.3 Earth Magic
 + Level 2.3 Invocations


You had 16 spell levels left.
You knew the following spells:

 Your Spells              Type           Power        Failure   Level
a - Sandblast             Erth           100%         0%          1
b - Passwall              Tmut/Erth      36%          1%          2
c - Stone Arrow           Conj/Erth      100%         1%          3
d - Petrify               Tmut/Erth      44%          1%          4
e - Lee's Rapid Deconstr  Erth           32%          1%          5
f - Iron Shot             Conj/Erth      29%          4%          6

Your spell library contained the following spells:

 Spells                   Type           Power        Failure   Level
 Dazzling Flash           Conj/Hex       64%          2%          3
 Iskenderun's Battlesphe  Conj           51%          2%          5
 Beastly Appendage        Tmut           32%          3%          1
 Sting                    Tmut/Pois      56%          4%          1
 Mephitic Cloud           Conj/Pois/Air  25%          4%          3
 Bolt of Magma            Conj/Fire/Erth 22%          4%          5
 Animate Skeleton         Necr           24%          5%          1
 Wereblood                Tmut           16%          5%          2
 Fulminant Prism          Conj/Hex       16%          7%          4
 Hailstorm                Conj/Ice       32%          7%          4
 Borgnjor's Vile Clutch   Necr/Erth      21%          7%          5
 Poisonous Vapours        Pois/Air       24%          9%          2
 Ignite Poison            Fire/Tmut/Pois 13%          14%         3
 Spider Form              Tmut/Pois      7%           14%         3
 Inner Flame              Hex/Fire       12%          17%         3
 Fireball                 Conj/Fire      16%          21%         5
 Ice Form                 Ice/Tmut       14%          41%         4
 Cause Fear               Hex            6%           50%         4
 Dispel Undead            Necr           12%          50%         4
 Olgreb's Toxic Radiance  Pois           12%          50%         4
 Orb of Destruction       Conj           25%          61%         7
 Blade Hands              Tmut           8%           71%         5
 Starburst                Conj/Fire      16%          73%         6
 Yara's Violent Unravell  Hex/Tmut       7%           77%         5
 Silence                  Hex/Air        6%           83%         5
 Summon Demon             Summ           6%           83%         5
 Summon Forest            Summ/Tloc      6%           83%         5
 Summon Mana Viper        Hex/Summ       12%          83%         5
 Lehudib's Crystal Spear  Conj/Erth      29%          90%         8
 Spellforged Servitor     Conj/Summ      16%          99%         7
 Death Channel            Necr           6%           100%        6
 Shadow Creatures         Summ           N/A          100%        6
 Summon Hydra             Summ           6%           100%        7
 Discord                  Hex            6%           100%        8
 Infestation              Necr           6%           100%        8
 Death's Door             Necr           6%           100%        9


Dungeon Overview and Level Annotations

Branches:
Dungeon (15/15)            Temple (1/1) D:7            Lair (0/6) D:10
    Orc (0/2) D:9          Vaults (0/5) D:13         Depths (0/5) D:15
 Bailey (visited)

Altars:
Ashenzari
Cheibriados
Dithmenos
Elyvilon
Fedhas
Gozag
Hepliaklqana
Kikubaaqudgha
Makhleb
Nemelex Xobeh
Okawaru
Qazlal
Ru
Sif Muna
Trog
Uskayaw
Vehumet
Wu Jian
Xom
Yredelemnul
Zin
The Shining One
Beogh

Shops:
D:5 :   D:10 :*   D:11 ?   D:13 (


Innate Abilities, Weirdness & Mutations

You are resistant to torment.
Your stone body is resilient. (AC +10)
You are immune to poison.
Your large and strong wings let you fly indefinitely.
You resist negative energy. (rN+)
You are resistant to electric shocks. (rElec)
You can survive without breathing.
You are immune to petrification.
You are immune to miasma.


Message History

Aim: a frost giant, wielding a +0 battleaxe of freezing (heavily wounded, 2% to evade)
The iron shot hits the frost giant!!
The frost giant is severely wounded.
As you read the scroll of teleportation, it crumbles to dust.
You feel strangely unstable.
The frost giant points at you and mumbles some strange words.
The bolt of cold misses you.
Press: ? - help, v - describe, . - travel
Here: a frost giant, wielding a +0 battleaxe of freezing (severely wounded)
The floor.
Casting: Iron Shot (dangerous; 4% risk of failure)
Confirm with . or Enter, or press ? or * to list all spells.
Aiming: Iron Shot (dangerous; 4% risk of failure)
Press: ? - help, Shift-Dir - straight line, f/p - frost giant
Aim: a frost giant, wielding a +0 battleaxe of freezing (severely wounded, 2% to evade)
The iron shot hits the frost giant!!
The frost giant is almost dead.
The frost giant points at you and mumbles some strange words.
The bolt of cold hits you!!
You die...

##########(.[...(..#######.#
.........#)###.###.#.......#
########.#)#.###.#.#.#####.#
#.#.##)?[##.#.# ###
#.#..#)..#....#
###.##(CW####.#
#.#.###.'.#.# #.###.###W#.#
#..)...@CC#.# ###########.#
#.).....# #########


You could see a frost giant, an ettin and a phantasmal warrior.

Vanquished Creatures
  Rupert (D:12)
  A frost giant (D:15)
  The ghost of Purphixowk the Carver, a journeyman DsGl of Makhleb (D:15)
  Josephine (D:11)
  Fannar (D:10)
  4 centaur warriors
  5 two-headed ogres
  An ogre mage (D:12)
  Urug (D:13)
  A hell knight (D:15)
  Sonja (D:10)
  An unseen horror (D:10)
  A deep troll (D:13)
  2 wizards
  An orc knight (Bailey)
  A deep elf mage (D:11)
  4 ugly things
  3 manticores
  5 cyclopes
  Joseph (D:10)
  A gargoyle (D:13)
  4 centaur skeletons
  2 freezing wraiths (D:15)
  An efreet (D:15)
  3 kobold demonologists
  2 yaktaurs (D:15)
  A rime drake (shapeshifter) (D:14)
  3 komodo dragons
  3 trolls
  A queen bee (shapeshifter) (D:13)
  Grinder (D:6)
  A hornet (D:15)
  13 slime creatures
  7 wraiths
  Sigmund (D:4)
  3 water elementals
  A shadow (D:14)
  A wyvern (D:12)
  2 vampires
  A hog (shapeshifter) (D:15)
  8 redbacks (D:15)
  22 yaks
  A basilisk (D:15)
  A steam dragon (D:10)
  3 vampire mosquitoes (D:15)
  3 wargs
  Edmund (D:4)
  2 acid dragons
  17 orc warriors
  5 ice beasts
  3 black bears
  3 sky beasts
  4 necrophages
  4 phantoms
  7 ogres
  7 boggarts
  An eye of draining (D:12)
  19 centaurs
  9 big kobolds
  Blork the orc (D:4)
  9 bullfrogs
  A wyvern zombie (D:14)
  A wyvern skeleton (D:9)
  7 scorpions
  Dowan (D:5)
  18 killer bees
  9 wights
  A howler monkey (D:6)
  14 electric eels
  2 centaur zombies
  3 bullfrog zombies
  8 hounds
  2 bullfrog skeletons
  Crazy Yiuf (D:5)
  7 jellies
  13 orc priests
  2 iguanas
  14 orc wizards
  13 worker ants
  2 killer bee zombies
  2 hound zombies
  A worker ant zombie (D:9)
  15 gnolls
  2 howler monkey skeletons
  15 adders
  3 shadow imps
  3 white imps
  2 ufetubi
  An ooze (D:1)
  An adder skeleton (D:6)
  An adder zombie (D:5)
  3 worms
  4 dart slugs
  5 leopard geckos
  60 orcs
  2 bat zombies (D:4)
  5 giant cockroaches
  15 hobgoblins
  3 quokkas
  2 ball pythons
  A bat (D:2)
  4 frilled lizards
  25 goblins
  A jackal zombie (D:6)
  51 kobolds
  11 kobold skeletons (D:8)
  7 kobold zombies (D:8)
  A leopard gecko skeleton (D:4)
  A leopard gecko zombie (D:6)
  12 rats
  A rat zombie (D:4)
598 creatures vanquished.

Vanquished Creatures (collateral kills)
  A boulder beetle (D:14)
  A hydra (D:12)
  4 orc warriors (Bailey)
  A centaur (D:12)
7 creatures vanquished.

Vanquished Creatures (others)
  A centaur simulacrum (D:15)
  A quokka (D:5)
  13 plants
15 creatures vanquished.

Grand Total: 620 creatures vanquished

Notes
Turn   | Place    | Note
-------+----------+-------------------------------------------
     0 | D:1      | Zeld the Gargoyle Earth Elementalist began the quest for
                  | the Orb.
     0 | D:1      | Reached XP level 1. HP: 10/10 MP: 3/3
   563 | D:1      | Reached skill level 1 in Transmutations
   577 | D:1      | Reached XP level 2. HP: 13/16 MP: 0/5
   580 | D:1      | Learned a level 2 spell: Passwall
   890 | D:1      | Reached skill level 1 in Fighting
  1056 | D:1      | Reached XP level 3. HP: 20/20 MP: 4/6
  1065 | D:1      | Learned a level 3 spell: Stone Arrow
  1816 | D:2      | Found a shimmering blue altar of Sif Muna.
  1822 | D:2      | Became a worshipper of Sif Muna the Loreminder
  1853 | D:2      | Reached skill level 4 in Earth Magic
  2357 | D:2      | Reached XP level 4. HP: 25/25 MP: 5/7
  3570 | D:2      | Reached XP level 5. HP: 30/30 MP: 7/9
  3608 | D:2      | Found a shimmering blue altar of Sif Muna.
  4387 | D:3      | Found a faded altar of an unknown god.
  4937 | D:3      | Reached * piety under Sif Muna
  4946 | D:3      | Reached skill level 1 in Conjurations
  4946 | D:3      | Found a glowing silver altar of Zin.
  5251 | D:4      | Noticed Blork the orc
  5272 | D:4      | Killed Blork the orc
  5273 | D:4      | Reached skill level 5 in Earth Magic
  5273 | D:4      | Reached XP level 6. HP: 33/35 MP: 1/10
  5278 | D:4      | Learned a level 4 spell: Petrify
  5349 | D:4      | Noticed Sigmund
  5374 | D:4      | Killed Sigmund
  5676 | D:4      | Reached XP level 7. HP: 29/40 MP: 2/12
  6286 | D:4      | Noticed Edmund
  6767 | D:4      | Killed Edmund
  7142 | D:4      | Found an ancient bone altar of Kikubaaqudgha.
  7393 | D:5      | Entered Level 5 of the Dungeon
  7789 | D:5      | Found a hide-covered altar of Uskayaw.
  7796 | D:5      | Reached skill level 6 in Earth Magic
  8241 | D:5      | Reached XP level 8. HP: 31/46 MP: 1/14
  8247 | D:5      | Learned a level 5 spell: Lee's Rapid Deconstruction
  8436 | D:5      | Found Woyneo's Book Shoppe.
  8618 | D:5      | Noticed Dowan
  8651 | D:5      | Killed Dowan
  8955 | D:5      | Noticed Duvessa
  8967 | D:5      | Noticed Duvessa
  8967 | D:5      | Duvessa changed into Duvessa the scorpion
  8978 | D:5      | Killed Duvessa the scorpion
  9185 | D:5      | Found a white marble altar of Elyvilon.
  9460 | D:5      | Found a runed translucent door.
  9461 | D:5      | Noticed Crazy Yiuf
  9580 | D:5      | Killed Crazy Yiuf
 10619 | D:6      | Reached skill level 7 in Earth Magic
 11133 | D:6      | Reached skill level 5 in Spellcasting
 11225 | D:6      | Reached skill level 5 in Stealth
 11275 | D:6      | Noticed Grinder
 11278 | D:6      | Paralysed by Grinder for 6 turns
 12069 | D:6      | Reached XP level 9. HP: 52/52 MP: 12/16
 12116 | D:6      | Killed Grinder
 12560 | D:7      | Reached skill level 8 in Earth Magic
 12764 | D:7      | Reached ** piety under Sif Muna
 13454 | D:7      | Found a staircase to the Ecumenical Temple.
 13512 | Temple   | Entered the Ecumenical Temple
 13755 | D:7      | Found a shimmering altar of Xom.
 13767 | D:7      | Reached skill level 5 in Fighting
 14366 | D:7      | Reached skill level 9 in Earth Magic
 14586 | D:7      | Found a runed translucent door.
 14587 | D:7      | Noticed a troll
 14639 | D:7      | Reached skill level 5 in Conjurations
 14639 | D:7      | Reached XP level 10. HP: 48/59 MP: 0/20
 14912 | D:7      | Identified the +1 chain mail "Jijutwia" {*Contam Str+4
                  | Dex+5}
 15227 | D:7      | Identified the Grimoire of Nocuous Fire
 15266 | D:7      | Found a runed translucent door.
 16410 | D:8      | Found a shadowy altar of Dithmenos.
 16781 | D:8      | Reached skill level 10 in Earth Magic
 16972 | D:8      | Found a sacrificial altar of Ru.
 17094 | D:8      | Noticed a kobold demonologist
 17125 | D:8      | Killed a kobold demonologist
 17249 | D:8      | Reached *** piety under Sif Muna
 17309 | D:8      | Reached skill level 5 in Dodging
 17363 | D:8      | Found an ancient bone altar of Kikubaaqudgha.
 17876 | D:9      | Found a sparkling altar of Nemelex Xobeh.
 18160 | D:9      | Reached **** piety under Sif Muna
 18555 | D:8      | Reached XP level 11. HP: 55/66 MP: 1/23
 19009 | D:9      | Found a snail-covered altar of Cheibriados.
 19011 | D:9      | Found a glowing golden altar of the Shining One.
 19260 | D:9      | Noticed a white ugly thing
 19428 | D:9      | Killed a white ugly thing
 19429 | D:9      | Reached skill level 11 in Earth Magic
 19516 | D:9      | Noticed a two-headed ogre
 19516 | D:9      | Noticed a two-headed ogre
 19540 | D:9      | Killed a two-headed ogre
 19594 | D:9      | Killed a two-headed ogre
 20357 | D:9      | Found a bloodstained altar of Trog.
 20426 | D:9      | Found a staircase to the Orcish Mines.
 20449 | D:9      | Found a roughly hewn altar of Beogh.
 20487 | D:9      | HP: 3/67 [shot self (8)]
 21019 | D:10     | Entered Level 10 of the Dungeon
 21038 | D:10     | Found Liuvaef's Book Shoppe.
 21115 | D:10     | Killed an unseen horror
 21144 | D:10     | Found Tuumetacog's Lightly-Used Armoury.
 21150 | D:10     | HP: 2/67 [something (12)]
 21322 | D:10     | Found a flagged portal.
 21323 | D:10     | Noticed Fannar
 21325 | Bailey   | Entered a bailey
 22072 | Bailey   | Reached ***** piety under Sif Muna
 22079 | Bailey   | Identified Sif Muna's Volume of Unholy Magic (Sif Muna
                  | gifted it to you in a bailey)
 22079 | Bailey   | Received a gift from Sif Muna
 22224 | Bailey   | Noticed an orc knight
 22300 | Bailey   | HP: 1/67 [orc warrior/cursed -1 war axe (20)]
 22357 | Bailey   | Killed an orc knight
 22937 | Bailey   | Noticed an orc warlord
 22975 | D:10     | Noticed Joseph
 22975 | D:10     | Noticed a cyclops
 22983 | D:9      | Killed a cyclops
 22984 | D:9      | Reached skill level 12 in Earth Magic
 23808 | D:10     | Killed Joseph
 23962 | D:10     | Found a staircase to the Lair.
 24082 | D:9      | Reached XP level 12. HP: 53/73 MP: 10/25
 24450 | D:10     | Learned a level 6 spell: Iron Shot
 24555 | D:10     | Paralysed by a gnoll for 4 turns
 24998 | D:10     | Killed Fannar
 25361 | D:10     | Noticed Sonja
 25365 | D:10     | Killed Sonja
 25507 | D:11     | Found Jaon's Magic Scroll Shoppe.
 25510 | D:11     | Bought a scroll of enchant armour for 120 gold pieces
 25510 | D:11     | Bought a scroll of identify for 32 gold pieces
 25510 | D:11     | Bought a scroll of identify for 32 gold pieces
 25510 | D:11     | Bought a scroll of identify for 32 gold pieces
 25510 | D:11     | Bought a scroll of identify for 32 gold pieces
 25510 | D:11     | Bought a scroll of remove curse for 48 gold pieces
 25510 | D:11     | Bought a scroll of teleportation for 48 gold pieces
 25510 | D:11     | Bought a scroll of holy word for 120 gold pieces
 25510 | D:11     | Bought a scroll of identify for 32 gold pieces
 25510 | D:11     | Bought a scroll of summoning for 152 gold pieces
 25510 | D:11     | Bought a scroll of identify for 32 gold pieces
 26825 | D:11     | Reached skill level 10 in Spellcasting
 27382 | D:10     | Reached skill level 13 in Earth Magic
 28185 | D:12     | Noticed Josephine
 28375 | D:11     | Killed Josephine
 28375 | D:11     | Identified Zyekhl Muaf's Grimoire of Arcane Weapons (Sif
                  | Muna gifted it to you on level 11 of the Dungeon)
 28375 | D:11     | Received a gift from Sif Muna
 28605 | D:12     | Noticed a five-headed hydra
 28617 | D:12     | Killed a five-headed hydra
 29024 | D:12     | Noticed Rupert
 29031 | D:12     | Killed Rupert
 29032 | D:12     | Reached XP level 13. HP: 80/80 MP: 2/27
 31030 | D:13     | Noticed Urug
 31034 | D:13     | Reached skill level 1 in Shields
 31038 | D:13     | Reached skill level 14 in Earth Magic
 31112 | D:13     | Killed Urug
 32264 | D:13     | Found Yrauteem's Antique Weapon Shop.
 32331 | D:13     | Found a gate to the Vaults.
 32583 | D:14     | Found a shimmering altar of Xom.
 33279 | D:14     | Paralysed by a wizard for 7 turns
 35651 | D:14     | Gained mutation: Your large and strong wings let you fly
                  | indefinitely. [Gargoyle growth]
 35651 | D:14     | Reached XP level 14. HP: 87/87 MP: 16/29
 35990 | D:15     | Entered Level 15 of the Dungeon
 37602 | D:15     | Found a staircase to the Depths.
 37602 | D:15     | Noticed a frost giant
 37609 | D:15     | Killed a frost giant
 37610 | D:15     | Reached skill level 10 in Fighting
 37610 | D:15     | Reached skill level 10 in Conjurations
 38028 | D:15     | Found a runed translucent gate.
 38029 | D:15     | Found a runed translucent gate.
 38035 | D:15     | Found a runed translucent gate.
 38035 | D:15     | Noticed Purphixowk's ghost (journeyman DsGl)
 38045 | D:15     | Reached skill level 15 in Earth Magic
 38247 | D:15     | Found a runed translucent door.
 38250 | D:15     | Noticed a frost giant
 39213 | D:15     | Reached skill level 1 in Invocations
 42140 | D:15     | Killed Purphixowk's ghost
 42852 | D:15     | Found a staircase to the Depths.
 43377 | D:15     | Killed from afar by a frost giant

Illustrated notes

Levels and vault maps discovered:
D:1:      minmay_arrival_widening_spiral_narrow, layout_loops_ring
D:2:      layout_basic, led_sif_pool, dk_noncrumbling_4
D:3:      layout_loops_ring, zin_academy, chequers_ecumenical_altar_island,
          minmay_misc_feat_roman, minmay_misc_feat_chi, amcnicky_mini_pool_small
D:4:      layout_basic, lemuel_zombie_altar_kikubaaqudgha, kennysheep_dice,
          uniq_sigmund, uniq_blork_the_orc, uniq_edmund
D:5:      layout_loops_cross, eat_drink_and_be_merry_uskayaw, elyvilon_altar_4,
          serial_shops, nicolae_shop_competitors_out_of_business, uniq_duvessa,
          uniq_crazy_yiuf_cottage
D:6:      layout_layer_cave, kennysheep_nondescript, uniq_grinder
D:7:      minmay_the_grid_triangle_9x9_rhombus_thin
          [minmay_the_grid_triangle_9x9_checkered,
          minmay_the_grid_triangle_9x9_prize_center,
          minmay_the_grid_triangle_9x9_limited_checkers,
          minmay_the_grid_triangle_9x9_tough_junction], layout_gridville,
          minmay_temple_entry_butterflies, grunt_decor_cap, chequers_big_river,
          tgw_xom
D:8:      wander_kiku_kobolds, layout_basic, nicolae_ru_sacrificial_ziggurat,
          marbit_many_paths
D:9:      minmay_polygon_palace, layout_basic,
          gammafunk_temple_overflow_forgotten, overflow_temple_1_default,
          minmay_orc_entry_temple_small
D:10:     layout_roguey, erik_lair_orcish_takeover, enter_bailey_5,
          serial_shops, kennysheep_little_box, minmay_shop_damaged, uniq_joseph,
          uniq_sonja, uniq_fannar
D:11:     layout_basic, serial_shops, shop
D:12:     layout_small_grid, serial_bayou_pond_c, hex_medium, uniq_josephine,
          uniq_rupert
D:13:     layout_roguey, david_vaults_4, serial_shops, shop, grunt_potential,
          uniq_urug
D:14:     layout_gridville, basic_altar
D:15:     grunt_enter_depths_snipers, layout_basic, gammafunk_ghost_split,
          grunt_decor_junction, drop_trap, minmay_hidden_floor
Temple:   minmay_temple_curvy_loop

Skill      XL: |  1  2  3  4  5  6  7  8  9 10 11 12 13 14 |
---------------+-------------------------------------------+-----
Transmutations | 1 |  1.0
Fighting       | 1 2 3 4 5 6 7 8 9 10 | 10.3
Earth Magic    | 4 5 6 7 9 10 12 13 14 15 | 15.3
Dodging        | 2 3 4 5 6 7 8 |  8.1
Stealth        | 3 4 5 |  5.0
Conjurations   | 1 2 3 5 6 7 8 9 10 | 10.0
Spellcasting   | 3 4 5 6 8 9 10 11 12 | 12.1
Shields        | 3 4 |  4.0
Invocations    | 2 |  2.3

Action                   |  1- 3 |  4- 6 |  7- 9 | 10-12 | 13-15 || total
-------------------------+-------+-------+-------+-------+-------++-------
Melee: Unarmed           |    24 |    18 |   166 |   367 |   198 ||   773
       Hand axe          |       |       |       |    65 |       ||    65
 Cast: Sandblast         |    52 |    87 |    13 |    64 |    12 ||   228
       Passwall          |       |     2 |     3 |       |     3 ||     8
       Stone Arrow       |       |     2 |   184 |   430 |   317 ||   933
       Lee's Rapid Decon |       |       |       |    25 |    19 ||    44
       Petrify           |       |       |       |     6 |       ||     6
       Iron Shot         |       |       |       |     4 |    49 ||    53
Invok: Channel Magic     |       |       |       |       |     1 ||     1
 Abil: Fly               |       |       |       |       |     1 ||     1
       Stop Flying       |       |       |       |       |     1 ||     1
Evoke: Wand              |       |       |     7 |     9 |    10 ||    26
       Phantom mirror    |       |       |       |     1 |       ||     1
       Box of beasts     |       |       |       |       |     1 ||     1
  Use: Scroll            |       |       |    16 |    21 |     4 ||    41
       Potion            |       |       |     1 |     1 |       ||     2
 Stab: Sleeping          |       |       |       |     1 |       ||     1
       Petrified         |       |       |       |     3 |       ||     3
       Distracted        |       |       |       |       |     1 ||     1
Armor: Robe              |    26 |    48 |   158 |   369 |   221 ||   822
Dodge: Dodged            |    44 |    72 |   284 |   531 |   258 ||  1189
Block: Other             |       |       |       |   142 |     4 ||   146
       Reflection        |       |       |       |     8 |    36 ||    44
       Buckler           |       |       |       |       |   255 ||   255
